 Dungeon Crawl Stone Soup version 0.18.0-1-g0107ab7 (webtiles) character file.

805 shmeve the Skirmisher (level 7, -1/64 HPs)
             Began as a Minotaur Berserker on May 6, 2016.
             Was an Elder of Trog.
             Slain by a gnoll (6 damage)
             ... on level 5 of the Dungeon.
             The game lasted 00:07:41 (2704 turns).

shmeve the Skirmisher (Minotaur Berserker)          Turns: 2704, Time: 00:07:42

Health: -1/64      AC: 13    Str: 22    XL:     7   Next: 60%
Magic:  6/6        EV: 15    Int: 10    God:    Trog [****..]
Gold:   219        SH:  0    Dex: 10    Spells: 0 memorised, 6 levels left

rFire  + . .     SeeInvis .     k - +0 war axe
rCold  . . .     Gourm    +     p - +2 scale mail {MR+}
rNeg   . . .     Faith    .     (no shield)
rPois  .         Spirit   .     (helmet restricted)
rElec  .         Dismiss  .     j - +2 cloak
rCorr  .         Reflect  .     q - +0 pair of gloves
SustAt .         Harm     .     (no boots)
MR     +++..                    r - amulet of the gourmand
Stlth  ..........               v - ring of protection from fire
                                i - +4 ring of evasion

@: brilliant, exhausted, regenerating, extremely resistant to hostile
enchantments, extremely unstealthy
A: retaliatory headbutt, horns 2
a: Berserk, Trog's Hand, Brothers in Arms, Burn Spellbooks, Renounce Religion


You were on level 5 of the Dungeon.
You worshipped Trog.
Trog was greatly pleased with you.
You were very full.

You visited 1 branch of the dungeon, and saw 5 of its levels.

You collected 219 gold pieces.

Inventory:

Hand Weapons
 k - a +0 war axe (weapon)
Armour
 j - a +2 cloak (worn)
 p - a +2 scale mail of magic resistance (worn)
 q - a +0 pair of gloves (worn)
Jewellery
 i - a +4 ring of evasion (left hand)
 r - an amulet of the gourmand (around neck)
 v - a ring of protection from fire (right hand)
Wands
 n - a wand of digging (11/24)
Scrolls
 a - 2 scrolls of noise {unknown}
 b - 2 scrolls of amnesia {unknown}
 f - 2 scrolls of recharging {unknown}
 g - 3 scrolls of remove curse {unknown}
 h - 4 scrolls of identify {unknown}
 l - 3 scrolls of blinking {unknown}
 s - a scroll of magic mapping {unknown}
 t - 2 scrolls of enchant armour {unknown}
 y - 4 scrolls of teleportation {unknown}
Potions
 e - 2 potions of brilliance
 m - a potion of degeneration {unknown}
 o - a potion of experience {unknown}
 u - a potion of haste {unknown}
 x - a potion of mutation {unknown}
 z - 3 potions of curing {unknown}
Comestibles
 c - 4 bread rations
 d - 2 meat rations
 w - a royal jelly
 A - 5 chunks of flesh


   Skills:
 * Level 6.5 Fighting
 * Level 6.3 Axes
 + Level 3.2 Throwing
 + Level 4.3 Armour
 + Level 4.3 Dodging


You had 6 spell levels left.
You didn't know any spells.

Dungeon Overview and Level Annotations

Branches:
Dungeon (5/15)             Temple (0/1) D:4

Altars:
Makhleb
Nemelex Xobeh
Yredelemnul


Innate Abilities, Weirdness & Mutations

You reflexively headbutt those who attack you in melee.
You have a pair of horns on your head.


Message History

It was a potion of brilliance.
You feel clever all of a sudden.
You feel the effects of Trog's Hand fading.
The gnoll hits you but does no damage. x3
The gnoll sergeant hits you but does no damage.
The gnoll closely misses you. The gnoll sergeant blocks your attack.
The gnoll sergeant is severely wounded.
You completely miss the gnoll.
The gnoll is lightly wounded.
The gnoll sergeant closely misses you. The gnoll misses you.
You furiously retaliate!
You headbutt the gnoll. The gnoll misses you.
The gnoll hits you but does no damage. x2; The gnoll sergeant misses you.
You hit the gnoll sergeant.
Your headbutt misses the gnoll sergeant.
The gnoll sergeant is severely wounded.
You hit the gnoll but do no damage.
The gnoll is moderately wounded.
The gnoll hits you.
You die...

....≈≈≈ggg..##...≈≈≈≈.
........≈≈hhgg....≈≈....
.........≈≈≈≈≈≈≈≈≈≈≈....
..........(...(.(.......
.........)(...####†.#...
........(.....# ##(.##)
.............## ##(.##
........g(..(## ##....
#.....@((...(# #.....
##....g†...#..####.....
#...ggg...............
#.........###.........
#........## ##........
.g........+ ##..##...
...........+ #.. ##..
...........+ #. #..
.#.#......# . ##.


You could see a gnoll sergeant, 2 gnoll shamans, a hound, 5 gnolls and a jackal.

Vanquished Creatures
  Menkaure (D:4)
  A gnoll sergeant (D:5)
  An orc priest (D:3)
  6 orc wizards
  Terence (D:2)
  2 worker ants (D:4)
  A hound skeleton (D:4)
  Robin (D:4)
  15 gnolls
  5 adders
  An adder skeleton (D:4)
  3 worms
  6 dart slugs
  2 giant geckos (D:4)
  12 orcs
  3 ball pythons
  5 giant cockroaches
  11 goblins
  13 hobgoblins
  3 jackals (D:5)
  13 kobolds
  3 quokkas
  A ball python zombie (D:5)
  12 bats
  A giant gecko skeleton (D:3)
  4 giant newts
  3 rats (D:2)
130 creatures vanquished.

Notes
Turn   | Place    | Note
--------------------------------------------------------------
     0 | D:1      | shmeve the Minotaur Berserker began the quest for the Orb.
     0 | D:1      | Reached XP level 1. HP: 19/19 MP: 0/0
    69 | D:1      | Reached XP level 2. HP: 21/27 MP: 1/1
   310 | D:1      | Reached ** piety under Trog
   396 | D:2      | Reached XP level 3. HP: 33/33 MP: 2/2
   408 | D:2      | Reached skill level 1 in Throwing
   497 | D:2      | Noticed Terence
   505 | D:2      | Killed Terence
   559 | D:2      | Found a faded altar to an unknown god.
   771 | D:2      | Reached XP level 4. HP: 41/41 MP: 3/3
   918 | D:2      | Found a sparkling altar of Nemelex Xobeh.
  1262 | D:3      | Reached *** piety under Trog
  1271 | D:3      | Reached skill level 5 in Fighting
  1271 | D:3      | Reached XP level 5. HP: 48/48 MP: 4/4
  1537 | D:3      | Reached skill level 5 in Axes
  1778 | D:3      | Reached **** piety under Trog
  1949 | D:4      | Noticed Robin
  1954 | D:4      | Reached XP level 6. HP: 56/56 MP: 5/5
  1961 | D:4      | Killed Robin
  2011 | D:4      | Found a basalt altar of Yredelemnul.
  2219 | D:4      | Found a staircase to the Ecumenical Temple.
  2356 | D:4      | Noticed Menkaure
  2363 | D:4      | Killed Menkaure
  2363 | D:4      | Reached XP level 7. HP: 63/63 MP: 6/6
  2481 | D:4      | Found a burning altar of Makhleb.
  2584 | D:5      | Entered Level 5 of the Dungeon
  2700 | D:5      | HP: 1/64 [gnoll sergeant/spear (7)]
  2704 | D:5      | Slain by a gnoll

Skill      XL: |  1  2  3  4  5  6  7 |
---------------+----------------------+-----
Fighting       | 4 5 6 |  6.5
Axes           | 4 5 6 |  6.3
Throwing       | 1 2 3 |  3.2
Armour         | 3 4 |  4.3
Dodging        | 3 4 |  4.3

Action                   |  1- 3 |  4- 6 |  7- 9 || total
-------------------------+-------+-------+-------++-------
Melee: Hand axe          |    22 |       |       ||    22
       Headbutt          |     9 |    16 |     4 ||    29
       War axe           |    15 |   103 |    59 ||   177
Invok: Burn Spellbooks   |       |     1 |       ||     1
       Berserk           |       |     1 |     1 ||     2
       Trog's Hand       |       |       |     2 ||     2
  Use: Potion            |       |       |     1 ||     1
  Eat: Chunk             |     9 |    11 |     2 ||    22
Armor: Animal skin       |    10 |       |       ||    10
       Scale mail        |     1 |    58 |    69 ||   128
Dodge: Dodged            |    46 |   109 |   140 ||   295
